 Dungeon Crawl Stone Soup version 0.18-a0-1805-g8ab820f (webtiles) character file.

210 M4edhros the Poker (level 5, -2/41 HPs)
             Began as a Mummy Chaos Knight on Apr 26, 2016.
             Slain by a gnoll
             ... wielding a +0 club
              (6 damage)
             ... on level 6 of the Dungeon.
             The game lasted 00:10:20 (1195 turns).

M4edhros the Poker (Mummy Chaos Knight)             Turns: 1195, Time: 00:10:21

Health: -2/41      AC:  5    Str: 15    XL:     5   Next: 57%
Magic:  5/5        EV: 11    Int: 11    God:    Xom [*.....]
Gold:   62         SH:  2    Dex: 13    Spells: 0 memorised, 4 levels left

rFire  x . .     SeeInvis .     a - +0 spear (chaos)
rCold  + . .     Gourm    .     b - +2 leather armour
rNeg   + + +     Faith    .     (no shield)
rPois  ∞         Spirit   .     (no helmet)
rElec  .         Dismiss  .     (no cloak)
rCorr  .         Reflect  +     (no gloves)
SustAt .         Harm     .     (no boots)
MR     .....                    e - +2 amulet of reflection
Stlth  +.........               (no ring)
                                (no ring)

@: not resistant to hostile enchantments, very unstealthy
A: no food or potions, fire vulnerability, cold resistance 1, negative energy
resistance 3, torment resistance, unbreathing
a: Renounce Religion


You were on level 6 of the Dungeon.
You worshipped Xom.
You were a special plaything of Xom.
You were not hungry.

You visited 1 branch of the dungeon, and saw 5 of its levels.

You collected 62 gold pieces.

Inventory:

Hand Weapons
 a - a +0 spear of chaos (weapon)
 f - a +0 hunting sling
 h - a +0 arbalest of flaming
Missiles
 g - 16 stones (quivered)
Armour
 b - a +2 leather armour (worn)
Jewellery
 e - a +2 amulet of reflection (around neck)
Scrolls
 c - 2 scrolls of enchant weapon {unknown}
 d - a scroll of enchant armour {unknown}


   Skills:
 - Level 3.0 Fighting
 + Level 5.2 Polearms
 - Level 1.5 Armour
 - Level 0.7 Dodging


You had 4 spell levels left.
You didn't know any spells.

Dungeon Overview and Level Annotations

Branches:
Dungeon (4/15)
 Temple: D:4-7

Altars:
Kikubaaqudgha


Innate Abilities, Weirdness & Mutations

You do not eat or drink.
Your flesh is vulnerable to fire.
You are immune to poison.
Your flesh is cold resistant.
You are immune to negative energy.
You are immune to unholy pain and torment.
You can survive without breathing.


Message History

You hit the gnoll but do no damage.
The gnoll is moderately wounded.
The gnoll hits you with a club.
* * * LOW HITPOINT WARNING * * *
Something hits you but does no damage.
You completely miss something. The gnoll closely misses you.
Something hits you but does no damage.
You completely miss something. The gnoll completely misses you.
You hit something but do no damage. Something hits you but does no damage.
The gnoll hits you with a club.
* * * LOW HITPOINT WARNING * * *
You hit something but do no damage.
Xom's power touches on you for a moment.
Shape-changing energy floods out from your body and enlargens the floor bugs!
Something completely misses you.
A giant cockroach comes into view.
You hit something. Something hits you.
* * * LOW HITPOINT WARNING * * *
The gnoll hits you with a club.
You die...

##.# ...... ......
##########......
+s{@ggo........
######o......#
##.......####
#....$......# .
#.##.:......# ..
#.#.o.......# ..
...#o#......#..
..........o##......
........g.#.......


You could see 2 gnolls, 2 orcs and a giant cockroach.

Vanquished Creatures
  An iguana (D:6)
  Jessica (D:3)
  Natasha (D:3)
  Robin (D:2)
  4 adders (D:2)
  A gnoll (D:6)
  A howler monkey skeleton (D:6)
  An ooze (D:6)
  2 worms
  3 dart slugs (D:2)
  3 giant geckos
  14 goblins
  5 hobgoblins (D:2)
  2 kobolds (D:2)
  2 ball pythons (D:2)
  2 bats
  2 giant newts
  A jackal zombie (D:6)
  6 rats
53 creatures vanquished.

Notes
Turn   | Place    | Note
--------------------------------------------------------------
     0 | D:1      | M4edhros the Mummy Chaos Knight began the quest for the Orb.
     0 | D:1      | Reached XP level 1. HP: 18/18 MP: 1/1
    67 | D:1      | You fall through a shaft!
   145 | D:2      | Reached XP level 2. HP: 15/24 MP: 2/2
   276 | D:2      | Reached skill level 3 in Polearms
   294 | D:2      | Reached XP level 3. HP: 24/29 MP: 3/3
   400 | D:2      | Found an ancient bone altar of Kikubaaqudgha.
   537 | D:2      | XOM: 2-stop teleportation journey
   544 | D:2      | Noticed Robin
   577 | D:2      | Killed Robin
   577 | D:2      | Reached skill level 4 in Polearms
   585 | D:2      | XOM: vitrification
   589 | D:2      | Reached XP level 4. HP: 21/35 MP: 4/4
   758 | D:2      | XOM: scenery: 2 doors open
   982 | D:3      | Noticed Jessica
   991 | D:3      | Killed Jessica
  1014 | D:3      | Noticed Natasha
  1016 | D:3      | XOM: potion effect (agility)
  1022 | D:3      | Killed Natasha
  1022 | D:3      | Reached XP level 5. HP: 36/41 MP: 5/5
  1108 | D:3      | You fall through a shaft for 3 floors!
  1111 | D:6      | Reached skill level 5 in Polearms
  1154 | D:6      | XOM: harmless Hex miscast
  1157 | D:6      | XOM: enchant monster (bad)
  1194 | D:6      | XOM: mild Trmt miscast
  1195 | D:6      | Slain by a gnoll

Vault maps used:
D:1:      evilmike_arrival_fibonacci_small
D:2:      overflow_temple_1_default, first_bread, uniq_robin
D:3:      gup_sewer_entry_pipe, uniq_jessica, uniq_natasha, uniq_iyjb,
          uniq_terence
D:4:      lemuel_castle_with_subvaults, kennysheep_little_box, serial_glass,
          glass_columns_a, glass_columns_a, glass_columns_a, glass_columns_c,
          glass_columns_b, glass_columns_a, uniq_blork_the_orc
D:6:      marbit_many_paths, feat_on_display

Skill      XL: |  1  2  3  4  5 |
---------------+----------------+-----
Polearms       | 3 4 5 |  5.2
Fighting       | |  3.0
Armour         | |  1.5
Dodging        | |  0.7

Action                   |  1- 3 |  4- 6 || total
-------------------------+-------+-------++-------
Melee: Spear             |   114 |   126 ||   240
 Stab: Petrified         |     2 |       ||     2
       Sleeping          |       |     5 ||     5
       Confused          |       |     1 ||     1
Armor: Leather armour    |    23 |    19 ||    42
Dodge: Dodged            |    37 |    46 ||    83
Block: Other             |     2 |     5 ||     7
